[Event "*** SCC Grand Prix: Titled Tuesday Blitz"]
[Site "Chess.com"]
[Date "2020.06.23"]
[Round "3"]
[White "m-garcett"]
[Black "kikydu96"]
[Result "0-1"]
[WhiteElo "2052"]
[BlackElo "2316"]
[TimeControl "180+1"]
[EndTime "10:29:28 PDT"]
[Termination "kikydu96 won on time"]

1. e4 e5 2. Nf3 Nc6 3. Bb5 Nf6 4. O-O Nxe4 5. d4 Nd6 6. Bxc6 dxc6 7. dxe5 Nf5 8.
Qxd8+ Kxd8 9. Bg5+ Ke8 10. Nc3 h6 11. Bf4 g5 12. Bg3 Be7 13. Rad1 Nxg3 14. hxg3 Bf5 15. Nd4 Bg6 16. f4 c5 17. Ndb5 Bd8 18. f5 Bh5 19. Rd2 a6 20. Na3 b5 21. Nd5 c6 22. Ne3 Bb6 23. c4 Ba5 24. Rdf2 Rd8 25. g4 Bd2 26.
Nac2 Rd3 27. Rxd2 Rxd2 28. gxh5 Ke7 29. Rf2 Rhd8 30. Kf1 b4 31. b3 a5 32. Ke1 R2d3 33.
Re2 a4 34. f6+ Ke6 35. g4 Kxe5 36. Nf5+ Kf4 37. Nxh6 axb3 38. axb3 Rxb3 39. Kf2 Rb2 40. Ne1 Rxe2+ 41. Kxe2 b3 42. Nd3+ Kg3 43. Nf5+ Kxg4 44.
Ne3+ Kxh5 45. Nd1 Kg6 46. Nxc5 Kxf6 47. Nxb3 Kg6 48. Nc5 f5 49. Ne6 Re8 0-1

[Event "*** SCC Grand Prix: Titled Tuesday Blitz"]
[Site "Chess.com"]
[Date "2020.06.23"]
[Round "3"]
[White "Zq1"]
[Black "chito89"]
[Result "0-1"]
[WhiteElo "2505"]
[BlackElo "2758"]
[TimeControl "180+1"]
[EndTime "10:29:29 PDT"]
[Termination "chito89 won on time"]

1. d4 Nf6 2. c4 e6 3. g3 Bb4+ 4. Nd2 d5 5. Bg2 O-O 6. Nf3 dxc4 7. Qc2 c5 8. dxc5 Bxc5 9. O-O Nc6 10. Nxc4 Qe7 11.
a3 a5 12. Bd2 Bd7 13. Nxa5 Nxa5 14. b4 Bb6 15. bxa5 Bxa5 16. Ne5 Bxd2 17. Qxd2 Rfd8 18. Qb4 Qxb4 19. axb4 Rab8 20. Rfd1 Kf8 21. Nxd7+ Nxd7 22. Ra7 Nb6 23. Rxd8+ Rxd8 24. Rxb7 Rd1+ 25. Bf1 Nc4 26. b5 Nd2 27. Rd7 Nf3+ 28. exf3 Rxd7 29. f4 Rd2 30. Bg2 Rd1+ 31. Bf1 Ke7 32. Kg2 Kd6 33.
Be2 Rd2 34. Kf3 Rb2 35. h4 g6 36. Ke3 f5 37. Bd3 h6 38. Be2 e5 39. fxe5+ Kxe5 40. f4+ Kd6 41. Bc4 Ke7 42. Kd4 Rg2 43. Kc5 Kd7 44.
b6 Rxg3 45. Bb5+ Kc8 46. Kd6 Rg4 47. Ke5 Rxh4 48. Be8 Rg4 0-1

[Event "*** SCC Grand Prix: Titled Tuesday Blitz"]
[Site "Chess.com"]
[Date "2020.06.23"]
[Round "3"]
[White "PlotnikovPavel"]
[Black "Grandelicious"]
[Result "1/2-1/2"]
[WhiteElo "2459"]
[BlackElo "2784"]
[TimeControl "180+1"]
[EndTime "10:29:29 PDT"]
[Termination "Game drawn by repetition"]

1. e4 c5 2. c3 Nf6 3. e5 Nd5 4. d4 cxd4 5. Qxd4 e6 6. Bd3 Nc6 7.
Qe4 d6 8. exd6 Bxd6 9. Nf3 f5 10. Qe2 O-O 11. O-O Kh8 12. Na3 e5 13. Bc4 Nb6 14. Ng5 Qe8 15. Nb5 Bb8 16. f4 a6 17. Na3 h6 18.
Nh3 Nxc4 19. Nxc4 b5 20. Nxe5 Nxe5 21. fxe5 Bxe5 22. Re1 Bb7 23. Qxe5 Qc6 24. Qg3 Rae8 25. Be3 Re4 26. Bd4 Rg4 27. Nf4 Rxg3 28. hxg3 Rf7 29.
Re6 Qc4 30. Rae1 Kh7 31. Re7 Bd5 32. Rxf7 Bxf7 33. a3 Qc6 34. Re7 Kg8 35. Kf2 g5 36. Nd3 Qd5 37. Ne5 Bh5 38. Rd7 Qb3 39. Rd8+ Kh7 40.
Rd7+ Kg8 41. Nc6 Qc2+ 42. Kg1 Qd1+ 43. Kh2 Be8 44. Rd8 Qh5+ 45. Kg1 Qd1+ 46. Kh2 Qh5+ 47. Kg1 Kf7 48. Ne5+ Ke7 49. Ra8 Qd1+ 50. Kh2 Qh5+ 51.
Kg1 Qd1+ 52. Kh2 Qh5+ 53. Kg1 1/2-1/2

[Event "*** SCC Grand Prix: Titled Tuesday Blitz"]
[Site "Chess.com"]
[Date "2020.06.23"]
[Round "3"]
[White "Alopekos"]
[Black "dretch"]
[Result "0-1"]
[WhiteElo "2450"]
[BlackElo "2781"]
[TimeControl "180+1"]
[EndTime "10:29:29 PDT"]
[Termination "dretch won on time"]

1. c4 c6 2. d4 d5 3. cxd5 cxd5 4. Nc3 Nc6 5. g3 Bf5 6. Bg2 e6 7. Nf3 Be7 8. O-O Nf6 9. Nh4 Be4 10.
Nxe4 dxe4 11. Bg5 Qxd4 12. Qc2 O-O 13. Bxf6 Bxf6 14. Rad1 Qe5 15. Bxe4 Bxh4 16. gxh4 g6 17. f4 Qb5 18. a4 Qb6+ 19. Kh1 Rac8 20. Qb1 Nd4 21. h5 f5 22. Bd3 Qc6+ 23. e4 Qxa4 24. hxg6 hxg6 25. exf5 exf5 26. h3 Rfe8 27. Rc1 Rxc1 28.
Qxc1 Qc6+ 29. Qxc6 Nxc6 30. Ra1 Re3 31. Bc4+ Kg7 32. Bd5 Rxh3+ 33. Kg2 Rd3 34. Bxc6 bxc6 35. Rxa7+ Kh6 36. Rc7 Rd2+ 37. Kg3 Rxb2 38. Rxc6 Rb3+ 39. Kh4 Rb4 40. Kg3 Kh5 41. Re6 Rb3+ 42. Kg2 Ra3 43. Kf2 Ra1 44. Kg3 Rg1+ 45. Kf2 Rc1 46. Re2 Kg4 47. Re6 Kxf4 48. Rxg6 Rc2+ 49. Ke1 Kf3 0-1

[Event "*** SCC Grand Prix: Titled Tuesday Blitz"]
[Site "Chess.com"]
[Date "2020.06.23"]
[Round "3"]
[White "rynos0411"]
[Black "Escanor89"]
[Result "0-1"]
[WhiteElo "2375"]
[BlackElo "2559"]
[TimeControl "180+1"]
[EndTime "10:29:29 PDT"]
[Termination "Escanor89 won by resignation"]

1. d4 Nf6 2. c4 g6 3. Nc3 Bg7 4. e4 d6 5. h3 O-O 6. Be3 e5 7.
d5 a5 8. g4 Na6 9. Nge2 Nd7 10. Ng3 Ndc5 11. Be2 Bd7 12. h4 c6 13. h5 cxd5 14.
cxd5 a4 15. Qd2 a3 16. b3 Rc8 17. Rc1 Qe8 18. Bh6 Qe7 19. Bxg7 Kxg7 20. Nb5 Bxb5 21. Bxb5 Kg8 22. f3 Qf6 23. Ke2 Qf4 24. Nf1 Qxd2+ 25.
Kxd2 Nb4 26. Ra1 Nca6 27. Ne3 Rc5 28. Be2 Rfc8 29. hxg6 hxg6 30. g5 b5 31. Rhc1 Rxc1 32. Rxc1 Rxc1 33. Kxc1 Nxa2+ 34. Kc2 N2b4+ 35. Kb1 Nc7 36. Nd1 Nba6 37. Ka2 b4 38. Ne3 Kf8 39. Nc2 Ke7 40.
Bc4 Kd7 41. Bd3 Kd8 42. Bc4 Kc8 43. Ne3 Kb7 44. Nc2 Kb6 45. Bd3 Kc5 46. Be2 Nb5 47.
Bxb5 Kxb5 48. Ne1 Kc5 49. Ng2 Kd4 50. Ne3 Kxe3 0-1

[Event "*** SCC Grand Prix: Titled Tuesday Blitz"]
[Site "Chess.com"]
[Date "2020.06.23"]
[Round "3"]
[White "AttilaTurzo"]
[Black "crazy_but_lazy"]
[Result "1/2-1/2"]
[WhiteElo "2489"]
[BlackElo "2318"]
[TimeControl "180+1"]
[EndTime "10:29:29 PDT"]
[Termination "Game drawn by repetition"]

1. e4 e6 2. d4 d5 3. Nc3 Nf6 4. Bg5 dxe4 5. Nxe4 Be7 6. Bxf6 gxf6 7. Nf3 a6 8. Bd3 f5 9. Ng3 b5 10. Qe2 Bb7 11. O-O-O Qd6 12. Kb1 Nd7 13. Rhe1 Nf6 14. Bxf5 O-O-O 15. Bd3 Nd5 16. Ne4 Qb6 17. g3 Nb4 18. c3 Nxd3 19. Rxd3 Bd5 20. b3 Kb7 21. Ne5 f5 22. Nd2 Rhf8 23. f4 c5 24. Ka1 cxd4 25.
Rxd4 Bc5 26. Rd3 Ka7 27. Ndf3 Be4 28. Rxd8 Rxd8 29. Rd1 b4 30. cxb4 Bxb4 31. Kb2 Qc5 32. Nc4 Rd5 33. a3 Ba5 34. Nxa5 Qxa5 35. Qe3+ Kb7 36.
Rd4 Rxd4 37. Nxd4 Qd5 38. Qc3 e5 39. fxe5 Qxe5 40. Qb4+ Ka7 41. Qc3 Kb7 42. b4 h5 43.
h4 Qd6 44. Qc5 Qxg3 45. Qe7+ Kb6 46. Qc5+ Kb7 47. Qe7+ Kb6 48. Qe6+ Kb7 49. Qd7+ Kb6 50. Qd8+ Kb7 51. Qe7+ 1/2-1/2

[Event "*** SCC Grand Prix: Titled Tuesday Blitz"]
[Site "Chess.com"]
[Date "2020.06.23"]
[Round "3"]
[White "queen_iryna"]
[Black "Ermito2020"]
[Result "0-1"]
[WhiteElo "2252"]
[BlackElo "2498"]
[TimeControl "180+1"]
[EndTime "10:29:30 PDT"]
[Termination "Ermito2020 won by resignation"]

1. d4 d5 2. c4 e6 3. Nc3 c6 4.
cxd5 exd5 5. Nf3 Nf6 6. Bg5 Be7 7. Qc2 O-O 8. e3 Nbd7 9. Bd3 Re8 10. O-O Nf8 11. Bxf6 Bxf6 12. b4 a6 13. Rfc1 g6 14. a4 Ne6 15. Rab1 a5 16. b5 c5 17. dxc5 Nxc5 18.
Ra1 Bg4 19. Nd4 Rc8 20. Qd2 Be5 21. Bc2 Qh4 22. g3 Qd8 23. f3 Bh3 24. Bd1 h5 25.
Nde2 Be6 26. Nd4 h4 27. Nxe6 fxe6 28. f4 Bf6 29. Rab1 hxg3 30. hxg3 Kg7 31. Kg2 Rh8 32. Bf3 Qe7 33. Ne2 b6 34. Nd4 Nxa4 35. Nc6 Qf7 36. Qd1 Nc3 37. Rxc3 Bxc3 38. Qd3 Bf6 39. Rf1 a4 40. Bd1 Ra8 41. Ne5 Qe8 42. Bc2 Rh6 43.
Ng4 Rh8 44. Nxf6 Kxf6 45. Qd4+ Kf7 46. Qxb6 a3 47. Qc7+ Qe7 48. Bxg6+ Kf6 49. Qc3+ Kxg6 50. Qc2+ Kg7 51. Qc3+ Qf6 52. Qc7+ Qf7 53. Qc3+ Kg8 54. b6 a2 55. b7 Qxb7 56. Qf6 Qg7 57. Qxe6+ Qf7 58.
Qg4+ Kf8 59. Qg5 Rg8 60. Ra1 Rxg5 0-1

[Event "*** SCC Grand Prix: Titled Tuesday Blitz"]
[Site "Chess.com"]
[Date "2020.06.23"]
[Round "3"]
[White "Chessdreamer2020"]
[Black "j_coca"]
[Result "1-0"]
[WhiteElo "2455"]
[BlackElo "2191"]
[TimeControl "180+1"]
[EndTime "10:29:31 PDT"]
[Termination "Chessdreamer2020 won by resignation"]

1. e4 g6 2. d4 Bg7 3. c3 d6 4. f4 f5 5. e5 e6 6. Nf3 Nh6 7.
Bd3 O-O 8. O-O Nc6 9. h3 Nf7 10. Be3 g5 11. exd6 gxf4 12. Bxf4 cxd6 13. d5 Nce5 14.
dxe6 Bxe6 15. Nd4 Bd7 16. Bxf5 Bxf5 17. Nxf5 Qb6+ 18. Rf2 Ng6 19. Be3 Qa5 20. Nxg7 Kxg7 21. Bd4+ Nfe5 22. Nd2 Rxf2 23. Bxf2 Nf4 24. Bd4 Ne6 25.
Qg4+ Kf6 26. Ne4+ Ke7 27. Qh4+ Kd7 28. Rd1 Nxd4 29. Qxh7+ Kc6 30. Rxd4 Rd8 31. Qe7 Qc7 32. Qxc7+ Kxc7 33. Rd2 d5 34. Nf6 Kc6 35. Re2 Nd3 36. g4 Nf4 37. Re3 Rf8 38. Nh7 Rh8 39. Ng5 b5 40. Kh2 a5 41. Kg3 d4 42. cxd4 Nd5 43. Re6+ Kd7 44. Ra6 a4 45. Ra7+ Kc6 46. h4 Nb4 47. a3 Nc2 48. h5 Nxd4 49. Ra6+ Kd5 50.
Rb6 Kc5 51. Rf6 Re8 52. h6 Ne2+ 53. Kh4 Rh8 54. h7 Kc4 55. Rh6 Nf4 56. Nf7 Ng6+ 57.
Kg5 Ne5 58. Nxh8 1-0

[Event "*** SCC Grand Prix: Titled Tuesday Blitz"]
[Site "Chess.com"]
[Date "2020.06.23"]
[Round "3"]
[White "Quiet_Desperation"]
[Black "monalize"]
[Result "0-1"]
[WhiteElo "1921"]
[BlackElo "2256"]
[TimeControl "180+1"]
[EndTime "10:29:31 PDT"]
[Termination "monalize won by resignation"]

1. e4 c5 2. Nf3 d6 3. d4 cxd4 4.
Nxd4 Nf6 5. Nc3 a6 6. Bg5 e6 7. f3 b5 8. Qd2 h6 9. Be3 Bb7 10. O-O-O Nbd7 11. g4 Ne5 12. Bd3 Rc8 13. Kb1 Be7 14.
h4 Nfd7 15. g5 h5 16. g6 Nxg6 17. Rhg1 Ndf8 18. f4 Bf6 19. f5 exf5 20. Nxf5 Bxc3 21. bxc3 Ne6 22. Nxd6+ Ke7 23. Nxc8+ Qxc8 24. Bg5+ Kf8 25. e5 Nxe5 26. Rde1 Nf3 27. Qe3 Nxg1 28. Rxg1 Bd5 29.
Qe5 Bc4 30. Bf5 Qc7 31. Qxc7 Nxc7 32. Rd1 f6 33. Rd8+ Ne8 34. Be3 Ke7 35. Ra8 Be6 36.
Bc5+ Kd7 37. Bg6 Rg8 38. Bb4 Nc7 39. Ra7 Kc6 40. Ba5 Nd5 41. Rxa6+ Kd7 42. Ra7+ Kc6 43. Ra6+ Kd7 44. Ra7+ Kd6 45. Bd3 g5 46. hxg5 fxg5 47. Ra6+ Ke5 48. Bxb5 g4 49. c4 g3 50. cxd5 Bxd5 51.
Bc3+ Ke4 52. Bd3+ Ke3 53. Rd6 g2 54. Rxd5 g1=Q+ 55. Kb2 Rb8+ 56. Ka3 Qc1+ 57. Ka4 Qb1 58. Bc4 Qxc2+ 59. Bb3 0-1

[Event "*** SCC Grand Prix: Titled Tuesday Blitz"]
[Site "Chess.com"]
[Date "2020.06.23"]
[Round "3"]
[White "chenxiaoyuer"]
[Black "Th3_Hound"]
[Result "0-1"]
[WhiteElo "2363"]
[BlackElo "2552"]
[TimeControl "180+1"]
[EndTime "10:29:32 PDT"]
[Termination "Th3_Hound won on time"]

1. e4 e5 2. Nf3 Nc6 3. Bb5 a6 4.
Ba4 Nf6 5. d3 b5 6. Bb3 Be7 7.
O-O O-O 8. Bd5 Bd6 9. Bg5 h6 10.
Bh4 Rb8 11. Nbd2 Bb7 12. Re1 Re8 13. Nf1 g5 14. Bg3 Nh5 15. Nxe5 Nxe5 16. Qxh5 Bxd5 17. exd5 Kg7 18. Ne3 Qf6 19. d4 Nc4 20. Ng4 Qg6 21.
Qxg6+ Kxg6 22. b3 h5 23. Ne5+ Nxe5 24. dxe5 Bb4 25. Re4 Bc3 26. Rd1 h4 27. Rd3 b4 28.
Bxh4 gxh4 29. f4 Kf5 30. Rc4 Rb7 31. Kf2 f6 32. exf6 Bxf6 33. Kf3 Re1 34. g4+ Kg6 35. g5 Bc3 36. Kg4 Rg1+ 37. Kh3 Kf5 38. Rf3 d6 39. Rc6 Rb5 40. Rxa6 Rxd5 41. Ra8 Rd2 42. Rf8+ Kg6 43. Rg8+ Kh7 44. Rf8 Rh1 45. Rc8 Rdxh2+ 46. Kg4 Rg2+ 47. Kh5 h3 48. Rxc7+ Bg7 49. f5 Rxg5+ 50. Kxg5 Rg1+ 51. Kh5 h2 52. Rh3 h1=Q 53. Rxh1 Rxh1+ 54. Kg5 Rg1+ 55. Kf4 Rf1+ 56. Kg5 Kg8 57. Kg6 Rg1+ 58. Kh5 Bf6 59. Ra7 Rg5+ 60. Kh6 Kf8 61. Ra8+ Ke7 62. Ra7+ Kd8 63.
Rb7 Rxf5 0-1

[Event "*** SCC Grand Prix: Titled Tuesday Blitz"]
[Site "Chess.com"]
[Date "2020.06.23"]
[Round "3"]
[White "ElviraBerend"]
[Black "annamaja"]
[Result "1-0"]
[WhiteElo "2487"]
[BlackElo "2215"]
[TimeControl "180+1"]
[EndTime "10:29:35 PDT"]
[Termination "ElviraBerend won by resignation"]

1. d4 d5 2. c4 c6 3. Nf3 Nf6 4. Qc2 g6 5. Bf4 Bf5 6. Qc1 Bg7 7.
e3 O-O 8. Be2 Nbd7 9. O-O Re8 10. h3 h6 11. Nc3 g5 12. Bh2 Rc8 13. Ne5 Nxe5 14. dxe5 Nd7 15. g4 Bg6 16. f4 gxf4 17. exf4 d4 18. Nd1 Bh7 19. Nf2 Nc5 20. Qd2 Ne4 21.
Nxe4 Bxe4 22. Bd3 Bxd3 23. Qxd3 c5 24. f5 Qb6 25. b3 Rc6 26. Rae1 h5 27. Bf4 Bh6 28.
g5 Bg7 29. f6 Bh8 30. Re2 exf6 31. gxf6 Bxf6 32. exf6 Rxe2 33. Qxe2 Rxf6 34. Qe8+ Kh7 35.
Qe4+ Rg6+ 36. Kh2 Qf6 37. Rf2 Qh4 38. Qf3 Rf6 39. Qg3 Qxg3+ 40. Kxg3 Rg6+ 41. Kf3 Re6 42. Rg2 d3 43. Rd2 Ra6 44. Ke3 Kg6 45. Kxd3 Kf5 46. Be3 Ke5 47. Rf2 f5 48. Bf4+ Kf6 49. h4 Re6 50.
Bg5+ Kg6 51. Re2 Rd6+ 52. Kc3 Rd1 53. Rd2 Rf1 54. Rd6+ Kg7 55. Rf6 Rf3+ 56. Kb2 Rf2+ 57. Ka3 b6 58. Rd6 Kf7 59. Rd7+ Ke6 60. Rxa7 f4 61.
Re7+ Kf5 62. Rf7+ Kg4 63. b4 Rf3+ 64. Ka4 cxb4 65. Kxb4 Rf2 66. a4 f3 67. Be3 Re2 68.
Bxb6 Rb2+ 69. Ka5 Kxh4 70. c5 f2 71. c6 Kg3 72. Bxf2+ Rxf2 73. Rxf2 Kxf2 74. c7 h4 75. c8=Q Kg2 76. Qg4+ 1-0

[Event "*** SCC Grand Prix: Titled Tuesday Blitz"]
[Site "Chess.com"]
[Date "2020.06.23"]
[Round "3"]
[White "HunterBRR"]
[Black "abubakrtagelsir"]
[Result "0-1"]
[WhiteElo "2093"]
[BlackElo "2335"]
[TimeControl "180+1"]
[EndTime "10:29:35 PDT"]
[Termination "abubakrtagelsir won on time"]

1. d4 d6 2. Nf3 Nf6 3. c4 g6 4. Nc3 Bg7 5. e4 O-O 6. Be2 Na6 7. Be3 e5 8. O-O Ng4 9. Bg5 Qe8 10. d5 h6 11. Bd2 f5 12. Ne1 Nf6 13. f3 f4 14. Rb1 g5 15. b4 Qg6 16. Nd3 h5 17. c5 g4 18. cxd6 cxd6 19. Nb5 h4 20. Nxd6 gxf3 21.
Bxf3 Bg4 22. Nxe5 Bxf3 23. Nxg6 Bxd1 24. Nxf8 Bxf8 25. Rbxd1 Bxd6 26. Bxf4 Nxe4 27. Rde1 Bxf4 28. Rxf4 Nd6 29. Re5 Kg7 30. Rg5+ Kh6 31. Re5 Rd8 32. Re6+ Kg5 33. Rff6 Ne4 34. Rg6+ Kf5 35. Rh6 Rxd5 36. h3 Nxb4 37. Re7 Rd1+ 38. Kh2 Nd5 39. Rf7+ Kg5 40.
Rh8 Ndf6 41. Rxb7 Ng3 42. Rb5+ Nd5 0-1

[Event "*** SCC Grand Prix: Titled Tuesday Blitz"]
[Site "Chess.com"]
[Date "2020.06.23"]
[Round "3"]
[White "Yuri202062"]
[Black "Irina_Barchuk"]
[Result "1-0"]
[WhiteElo "2418"]
[BlackElo "2192"]
[TimeControl "180+1"]
[EndTime "10:29:36 PDT"]
[Termination "Yuri202062 won by resignation"]

1. d4 Nf6 2. c4 g6 3. Nc3 Bg7 4. e4 O-O 5. Be2 d6 6. Be3 c5 7. dxc5 Qa5 8. f3 dxc5 9. e5 Rd8 10. Qa4 Qxa4 11. Nxa4 Nfd7 12. f4 Na6 13. O-O-O e6 14. h4 Rf8 15. h5 f6 16. hxg6 hxg6 17. exf6 Bxf6 18. Nf3 b6 19. Rh6 Kf7 20. Rh7+ Bg7 21.
Ng5+ Kg8 22. Rxg7+ Kxg7 23. Nxe6+ Kf7 24. Nxf8 Nxf8 25.
Bf3 Rb8 26. Nc3 Nb4 27. a3 Na6 28. g4 Nc7 29. Nd5 Nxd5 30. cxd5 Bb7 31. g5 Rd8 32. b4 cxb4 33. axb4 Nd7 34. Kb2 a5 35. Rc1 axb4 36. Rc7 Bc8 37. Bg4 Ke7 38. Bxb6 Kd6 39. Ba5 Kxd5 40.
Bf3+ Kd4 41. Kb3 Nc5+ 42. Rxc5 Be6+ 43. Kb2 Kxc5 44. Bxd8 Kd4 45. Bf6+ Ke3 46. Bd1 Kxf4 47. Bc2 Bf7 48. Bb3 Be8 49. Bc4 Ba4 50. Bf7 Bc6 51. Bxg6 Bd5 52. Bc2 1-0

[Event "*** SCC Grand Prix: Titled Tuesday Blitz"]
[Site "Chess.com"]
[Date "2020.06.23"]
[Round "3"]
[White "Matibar"]
[Black "chessplayer9919"]
[Result "1-0"]
[WhiteElo "2819"]
[BlackElo "2542"]
[TimeControl "180+1"]
[EndTime "10:29:37 PDT"]
[Termination "Matibar won by resignation"]

1. e4 c6 2. Nf3 d5 3. Nc3 dxe4 4. Nxe4 Nf6 5. Ng3 h5 6. h3 e6 7. Bc4 Bd6 8. Ne2 Nbd7 9. d4 Qc7 10. c3 Nb6 11. Bb3 Bd7 12. Bg5 Ne4 13. Be3 Nd5 14. Qd3 f5 15. O-O-O a5 16. Bxd5 cxd5 17. Ne5 Ba4 18.
Rde1 Bxe5 19. dxe5 Bd7 20. Qd4 h4 21. f3 Ng3 22. Nxg3 hxg3 23. h4 Qc4 24. Qxc4 dxc4 25. Rd1 Bc6 26. Rd6 Bd5 27. Bg5 O-O 28. Rd1 Ra6 29.
Rxa6 bxa6 30. Bf4 Kf7 31. Rd4 a4 32. Bxg3 Rb8 33. Bf4 Rh8 34. Bg5 Rb8 35. a3 Rb7 36. Kc2 Kg6 37. Bc1 Rb8 38. Kd2 Rh8 39. Ke2 Rb8 40.
Kf2 Rh8 41. Kg3 Kh5 42. Kh3 Kg6 43. Kg3 Kf7 44. Kf2 Ke7 45. g4 g6 46. Kg3 Kd7 47.
Bg5 Rb8 48. Rd2 Rf8 49. Bf6 Ke8 50. Rh2 Kf7 51. h5 gxh5 52. gxh5 Rg8+ 53. Kf4 Rb8 54. h6 Kg6 55. h7 1-0

[Event "*** SCC Grand Prix: Titled Tuesday Blitz"]
[Site "Chess.com"]
[Date "2020.06.23"]
[Round "3"]
[White "MaxVavulin"]
[Black "Andrii_Prydun"]
[Result "1-0"]
[WhiteElo "2568"]
[BlackElo "2384"]
[TimeControl "180+1"]
[EndTime "10:29:37 PDT"]
[Termination "MaxVavulin won on time"]

1. e4 d5 2. exd5 Qxd5 3. Nc3 Qd6 4. d4 c6 5. g3 Nf6 6. Bg2 Bg4 7. Nf3 e6 8. Bf4 Qd8 9. h3 Bxf3 10. Bxf3 Bd6 11.
Bc1 Nbd7 12. O-O h5 13. h4 Qc7 14. Kg2 O-O-O 15. a4 e5 16. a5 exd4 17. Qxd4 Bc5 18. Qc4 a6 19. Bf4 Bd6 20. Bxd6 Qxd6 21. Rfd1 Qe6 22. Qxe6 fxe6 23. Na4 Kc7 24. Re1 e5 25. Ra3 e4 26. Bxe4 Rhe8 27. Rae3 Re5 28. b4 Ng4 29.
R3e2 Rf8 30. f3 Ngf6 31. Bg6 Rxe2+ 32. Rxe2 Nd5 33. c3 c5 34. bxc5 Rf4 35. gxf4 Nxf4+ 36. Kf2 Nxg6 37. Kg3 Nge5 38. Kf4 Nc6 39. Kg5 Nxa5 40. Kxh5 Nc6 41. Kg6 Nce5+ 42. Kxg7 Nxf3 43. h5 Nh4 44.
h6 Nf5+ 45. Kg6 Nh4+ 46. Kg5 Nf3+ 47. Kf4 Nh4 48. h7 Ng6+ 49. Kf5 Nh4+ 50. Kg5 Nf3+ 51. Kf4 Nh4 52. Re6 Nf8 53. Rh6 Nhg6+ 54. Kg5 Nh8 55. Kf6 1-0

[Event "*** SCC Grand Prix: Titled Tuesday Blitz"]
[Site "Chess.com"]
[Date "2020.06.23"]
[Round "3"]
[White "goofypenguin96"]
[Black "cukin84"]
[Result "1/2-1/2"]
[WhiteElo "2339"]
[BlackElo "2158"]
[TimeControl "180+1"]
[EndTime "10:29:37 PDT"]
[Termination "Game drawn by agreement"]

1. e4 c6 2. d4 d5 3. Nc3 a6 4. exd5 cxd5 5. Nf3 Bg4 6. Be2 Nc6 7.
Bf4 e6 8. O-O Nf6 9. Ne5 Bxe2 10.
Nxe2 Be7 11. h3 O-O 12. c3 Rc8 13. Ng3 b5 14. a3 a5 15. Qf3 b4 16. axb4 axb4 17.
Rac1 bxc3 18. bxc3 Nxe5 19. Bxe5 Rc4 20. Nh5 Nxh5 21. Qxh5 Bf6 22. f4 g6 23. Qf3 Bg7 24.
Bxg7 Kxg7 25. g4 Qh4 26. f5 gxf5 27. gxf5 Kh8 28. Kh2 Rg8 29. Rg1 Rcc8 30. fxe6 fxe6 31. Rcf1 Rxg1 32. Rxg1 Qh6 33. Rg2 Rf8 34. Qg3 Qf4 35.
Re2 Qxg3+ 36. Kxg3 Rf6 37. h4 Kg7 38. h5 Kf7 39. Ra2 Rf1 40. Ra7+ Kf6 41. Rxh7 Rc1 42. Kf4 Rf1+ 43. Ke3 e5 44. dxe5+ Kxe5 45. Re7+ Kf6 46. Ra7 Ke5 47. h6 Rh1 48. h7 Rh3+ 49. Kd2 d4 50.
Re7+ Kd6 51. Rg7 dxc3+ 52. Kc2 Ke6 53. Rg8 Rxh7 54. Kxc3 Rc7+ 55. Kd3 Rd7+ 56. Ke4 Ra7 57. Rg6+ Kf7 1/2-1/2

[Event "*** SCC Grand Prix: Titled Tuesday Blitz"]
[Site "Chess.com"]
[Date "2020.06.23"]
[Round "3"]
[White "djano"]
[Black "Igrok3069"]
[Result "1-0"]
[WhiteElo "2459"]
[BlackElo "2723"]
[TimeControl "180+1"]
[EndTime "10:29:38 PDT"]
[Termination "djano won on time"]

1. d4 d5 2. Bf4 c5 3. e3 cxd4 4. exd4 Nc6 5. c3 Bf5 6. Nf3 e6 7. Nbd2 Bd6 8. Bg3 Nf6 9. Qb3 Rb8 10. Ne5 O-O 11. Be2 Bxe5 12. dxe5 Nd7 13. f4 Nc5 14. Qa3 Nd3+ 15. Bxd3 Bxd3 16. O-O-O Qb6 17.
Qb3 Qc5 18. Nf3 Bc4 19. Qc2 Rfc8 20. b3 Ba6 21. Bf2 Qa5 22. Kb1 Nb4 23. cxb4 Rxc2 24. bxa5 Rxf2 25. Rd2 Rxd2 26. Nxd2 h6 27. Rc1 g5 28. g3 Kg7 29. Kb2 gxf4 30. gxf4 Kg6 31. Rc7 Rg8 32. a4 d4 33. b4 Bd3 34. Rxb7 Kh5 35. Rxa7 Rg2 36. Kc1 Rg1+ 37. Kb2 Rg2 38. Kc1 Rg1+ 39. Kb2 Rd1 40. Nb3 Bc4 41. Rc7 Bd5 42.
a6 Rd3 43. Nc5 Rd2+ 44. Kc1 Ra2 45. a7 d3 46. Nxd3 Rxa4 47. b5 Ra3 48. Nb4 Be4 49.
b6 Rb3 50. Nc6 Ra3 51. b7 1-0

[Event "*** SCC Grand Prix: Titled Tuesday Blitz"]
[Site "Chess.com"]
[Date "2020.06.23"]
[Round "3"]
[White "LuckSlayeer"]
[Black "Man-Chuk"]
[Result "0-1"]
[WhiteElo "2458"]
[BlackElo "2840"]
[TimeControl "180+1"]
[EndTime "10:29:38 PDT"]
[Termination "Man-Chuk won by resignation"]

1. e4 c6 2. c4 d5 3. exd5 cxd5 4. cxd5 Nf6 5. Nc3 g6 6. Nf3 Bg7 7. Bc4 O-O 8. O-O a6 9. a4 Nbd7 10.
d3 b6 11. Bf4 Bb7 12. Re1 Rc8 13. Ng5 Nc5 14. b4 Nxa4 15. Nxa4 Nxd5 16. Bd2 b5 17. Nc5 bxc4 18. Nxb7 Qb6 19. dxc4 Nc3 20. Qb3 Qd4 21.
Bxc3 Qxc3 22. Qxc3 Bxc3 23. Nc5 Bxb4 24. Nd3 Bxe1 25.
Nxe1 Rxc4 26. Rxa6 Rc1 27. Nf3 e5 28. Ra4 f5 29.
Kf1 e4 30. Nd4 Rd8 31. g3 Rd1 32. Nc2 Rc8 33. Ke2 Rb1 34. Ra3 Kg7 35. Ke3 Kf6 36. Ke2 h5 37. h3 h4 38. gxh4 Rh8 39. Ra6+ Kg7 40. Ke3 Rxh4 41. Ra7+ Kh6 42. Ke2 Rxh3 43. Ne3 Rb2+ 44. N1c2 Rxe3+ 45. Kxe3 Rxc2 46. Ra8 Rc3+ 47. Ke2 Kg5 48. Kf1 Kf4 49. Kg2 g5 50. Rg8 g4 51. Rh8 e3 52. fxe3+ Rxe3 53. Kf2 Rc3 54. Kg2 Rc2+ 55. Kg1 Kg3 56. Kf1 f4 57. Ra8 f3 58.
Ke1 f2+ 59. Kd1 f1=Q+ 60. Kxc2 Qg2+ 0-1

[Event "*** SCC Grand Prix: Titled Tuesday Blitz"]
[Site "Chess.com"]
[Date "2020.06.23"]
[Round "3"]
[White "gmcorrales"]
[Black "FMJoseHerrera"]
[Result "1-0"]
[WhiteElo "2818"]
[BlackElo "2565"]
[TimeControl "180+1"]
[EndTime "10:29:39 PDT"]
[Termination "gmcorrales won on time"]

1. d4 Nf6 2. c4 c5 3. d5 b5 4. cxb5 a6 5. bxa6 g6 6. Nc3 Bg7 7. Nf3 O-O 8. g3 d6 9. Bg2 Nbd7 10. O-O Nb6 11. Re1 Nfd7 12. Qc2 Bxa6 13. h4 Nf6 14. e4 Ng4 15. Bf4 Nc4 16. Nd2 Nce5 17. f3 Nf6 18. Bxe5 dxe5 19. Bf1 Nh5 20. Bxa6 Rxa6 21.
Nf1 f5 22. Kg2 g5 23. hxg5 Rg6 24. exf5 Rxg5 25. Ne4 Rgxf5 26. Nh2 Qxd5 27. Qxc5 Qb7 28. Re2 Kh8 29. Rd1 Nf6 30. Nxf6 exf6 31. Qd5 Qa6 32.
Red2 Rg5 33. Qd3 Qxa2 34. Rc2 f5 35. Rdc1 e4 36. fxe4 fxe4 37. Qxe4 Qf7 38. Rc8 Qf2+ 39. Kh1 Rxg3 40. Rxf8+ Bxf8 41. Rf1 Qc5 42. Qf4 Bd6 43. Qf6+ Kg8 44. Qf7+ Kh8 45. Qf6+ Kg8 46. Qe6+ Kh8 47. Qe8+ Kg7 48. Qd7+ Be7 49. Qd2 Qc6+ 50. Nf3 Rxf3 51.
Qg2+ Qg6 52. Rxf3 1-0

[Event "*** SCC Grand Prix: Titled Tuesday Blitz"]
[Site "Chess.com"]
[Date "2020.06.23"]
[Round "3"]
[White "bgfbfbgfbgfgf"]
[Black "alenee"]
[Result "1-0"]
[WhiteElo "2627"]
[BlackElo "2408"]
[TimeControl "180+1"]
[EndTime "10:29:39 PDT"]
[Termination "bgfbfbgfbgfgf won by resignation"]

1. e4 c5 2. Nf3 e6 3. d4 cxd4 4. Nxd4 Nc6 5. Nc3 Qc7 6. Be3 a6 7. Qf3 Bd6 8. O-O-O Be5 9. g3 b5 10. Qe2 Bb7 11. f4 Bxd4 12. Bxd4 Nxd4 13. Rxd4 Qc5 14.
Qd2 Bc6 15. Bg2 b4 16. Ne2 Nf6 17. Qxb4 Qxb4 18. Rxb4 Ke7 19. Rd1 Rhc8 20. Nc3 Ng4 21. h3 Ne3 22. Rd2 Nxg2 23. Rxg2 f5 24. Re2 fxe4 25.
Nxe4 h6 26. Rd4 a5 27. Nd6 Rf8 28. f5 Ra6 29. c4 Bf3 30. Red2 exf5 31. c5 Bc6 32. Re2+ Kd8 33. b3 Kc7 34. a3 g5 35.
Rf2 Rb8 36. Kc2 Be4+ 37. Nxe4 fxe4 38. Rf7 Rd8 39. Rxe4 Rc6 40. b4 axb4 41. axb4 Ra6 42. Kb3 Rda8 43. Ree7 Ra3+ 44. Kc4 Rd8 45. b5 Rxg3 46.
c6 Rxh3 47. Rxd7+ Rxd7 48. Rxd7+ Kc8 49. Rh7 Rh1 50. b6 Rc1+ 51. Kd5 Rd1+ 52. Ke5 Re1+ 53. Kf5 Rf1+ 54. Kg6 Rf8 55. Ra7 Kb8 56. c7+ Kc8 57. Ra8+ Kb7 58. Rxf8 Kxb6 59. c8=Q 1-0